 Dungeon Crawl Stone Soup version 0.21.1-1-g345015fe64 (webtiles) character file.

116 Bapho the Slasher (level 4, -3/40 HPs)
             Began as a Minotaur Monk on June 29, 2018.
             Slain by an orc priest
             ... wielding a +0 trident
              (8 damage)
             ... on level 3 of the Dungeon.
             The game lasted 00:04:22 (1724 turns).

Bapho the Slasher (Minotaur Monk)                   Turns: 1724, Time: 00:04:23

Health: -3/40      AC:  7    Str: 15    XL:     4   Next: 70%
Magic:  3/3        EV:  7    Int:  7    God:
Gold:   96         SH: 11    Dex: 14    Spells: 3/3 levels left

rFire    . . .     SeeInvis .   a - +0 falchion
rCold    . . .     Gourm    .   l - +0 large shield
rNeg     + . .     Faith    .   e - +2 ring mail {rN+}
rPois    +         Spirit   .   (helmet restricted)
rElec    .         Reflect  .   (no cloak)
rCorr    .         Harm     .   (no gloves)
MR       .....                  (no boots)
Stlth    +.........             (no amulet)
HPRegen  0.13/turn              h - ring of poison resistance
MPRegen  0.08/turn              (no ring)

@: no status effects
A: retaliatory headbutt, horns 2
a: no special abilities


You were on level 3 of the Dungeon.
You were not hungry.

You visited 1 branch of the dungeon, and saw 3 of its levels.

You collected 96 gold pieces.

Inventory:

Hand Weapons
 a - a +0 falchion (weapon)
Missiles
 i - a stone (quivered)
Armour
 b - a +0 robe
 d - a +0 chain mail
 e - a +2 ring mail of positive energy (worn)
 l - a +0 large shield (worn)
Jewellery
 h - a ring of poison resistance (left hand)
Scrolls
 g - 2 scrolls of teleportation
 k - a scroll of remove curse {unknown}
 m - a scroll of fog {unknown}
 n - a scroll of enchant armour {unknown}
 o - a scroll of immolation {unknown}
Comestibles
 c - 4 rations
 f - 5 chunks of flesh


   Skills:
 + Level 4.1 Fighting
 * Level 5.2 Long Blades
 - Level 1.1 Throwing
 + Level 1.8 Armour
 + Level 3.8 Dodging
 - Level 1.5 Stealth
 - Level 0.2 Shields


You had 3 spell levels left.
You didn't know any spells.

Dungeon Overview and Level Annotations

Branches:
Dungeon (3/15)

Altars:


Innate Abilities, Weirdness & Mutations

You reflexively headbutt those who attack you in melee.
You have a pair of horns on your head.


Message History

You slash the orc!
You kill the orc!
You barely miss the orc.
You kill the orc!
You hit the jackal.
You kill the jackal!
The orc priest calls down the wrath of Beogh upon you.
Pain shoots through your body!
* * * LOW HITPOINT WARNING * * *
You barely miss the orc priest.
The orc priest is moderately wounded.
The hobgoblin completely misses you. You furiously retaliate!
You headbutt the hobgoblin!
You kill the hobgoblin!
The orc priest invokes the aid of Beogh against you.
You barely resist.
Your shield prevents you from hitting the orc priest.
The orc priest is lightly wounded.
The orc priest hits you with a trident!
You die...

**,,,,** **..*,,,******,,,,*
,,***,,***,...,,,* **,,**
,,,,,,,,,,,,#..,,* ****
**,****,,,,,*#.###
,,,,,,,,##,,*#...#####
,,,,,,,,...#####.....##
,,,,,,,,#.............#
,,,,,,,,#.#......†..#.#
,,,,,,,,........@...#.##
,,,,,,,,,##....o#####.h######
,,,,,,,,,*#####h.###h.......#
,,,,,,,,,** ##.%og.h......#
,,,,,,,,,,* ##.#o...$....#
****,**,*,*** #.o(..#######
*,,,,,,,,****##†.(.....,* *
**,,,**,,,,,* #........,*
****,,****,,,,,**#.(.......*


You could see an orc priest and a jackal.

Vanquished Creatures
  5 adders (D:2)
  A dart slug (D:1)
  3 leopard geckos
  2 orcs (D:3)
  A ball python (D:2)
  5 giant cockroaches
  9 goblins
  8 hobgoblins
  2 jackals (D:3)
  2 quokkas (D:2)
  8 bats
  5 frilled lizards
  5 kobolds
  10 rats
66 creatures vanquished.

Notes
Turn   | Place    | Note
-------+----------+-------------------------------------------
     0 | D:1      | Bapho the Minotaur Monk began the quest for the Orb.
     0 | D:1      | Reached XP level 1. HP: 19/19 MP: 0/0
   189 | D:1      | Reached skill level 4 in Long Blades
   189 | D:1      | Reached XP level 2. HP: 27/27 MP: 1/1
   416 | D:1      | Reached skill level 1 in Armour
   577 | D:1      | Reached XP level 3. HP: 33/33 MP: 2/2
  1117 | D:2      | Reached skill level 1 in Throwing
  1231 | D:2      | Reached XP level 4. HP: 40/40 MP: 3/3
  1339 | D:2      | Reached skill level 5 in Long Blades
  1724 | D:3      | Slain by an orc priest

Skill      XL: |  1  2  3  4 |
---------------+-------------+-----
Long Blades    | 4 5 |  5.2
Armour         | 1 |  1.8
Throwing       | 1 |  1.1
Fighting       | 4 |  4.1
Dodging        | |  3.8
Stealth        | |  1.5
Shields        | |  0.2

Action                   |  1- 3 |  4- 6 || total
-------------------------+-------+-------++-------
Melee: Falchion          |   100 |    58 ||   158
       Headbutt          |    10 |     6 ||    16
Throw: Stone             |    46 |    27 ||    73
  Use: Scroll            |       |     2 ||     2
  Eat: Chunk             |     1 |     2 ||     3
Armor: Chain mail        |     7 |       ||     7
       Ring mail         |    33 |    29 ||    62
Dodge: Dodged            |    42 |    16 ||    58
Block: Large shield      |    25 |    60 ||    85
       Rpst.: Falchion   |     9 |     5 ||    14
